General information
- name: gay baby phone
- type: Custom game
- host: VELOX_NEB
- saver: FINeX
map: GnollWood
- players: 9
- length: 06:10
- speed: Fast
- version: 1.21 W3XP
- replay type: Public
» download(18 KB)
Players
team 1 (loser)

»
PhoneNumber (
green | 67 APM | 412 actions | 06:08)
1 Demon Hunter
1 Mana Burn
» actions
| Assign group hotkey | 13 | |
| Basic commands | 6 | |
| Build / train | 18 | |
| Enter build submenu | 6 | |
| Enter hero's abilities submenu | 1 | |
| Right click | 213 | |
| Select / deselect | 92 | |
| Select group hotkey | 44 | |
| Use ability | 19 | |
412 total
» units
» buildings
| Altar of Elders | 1 | |
| Moon Well | 3 | |
| Ancient of War | 2 | |
6 total
» build order
00:05 Altar of Elders
00:14 Moon Well
00:24 Ancient of War
01:57 Moon Well
03:18 Ancient of War
03:37 Moon Well
team 2 (winner)
FINeX (
brown | 63 APM | 392 actions | 06:10)
2 Far Seer
1 Feral Spirit
1 Chain Lighting
» actions
| Assign group hotkey | 33 | |
| Build / train | 18 | |
| Enter build submenu | 10 | |
| Enter hero's abilities submenu | 2 | |
| Right click | 200 | |
| Select / deselect | 81 | |
| Select group hotkey | 35 | |
| Use ability | 13 | |
392 total
» units
» upgrades
» buildings
| Altar of Storms | 1 | |
| Orc Burrow | 4 | |
| Barracks | 1 | |
| Stronghold | 1 | |
| Voodoo Lounge | 1 | |
| War Mill | 1 | |
| Beastiary | 1 | |
10 total
» build order
00:04 Altar of Storms
00:06 Orc Burrow
00:34 Barracks
01:59 Orc Burrow
03:04 Stronghold
03:22 Voodoo Lounge
04:01 Orc Burrow
05:16 Orc Burrow
05:34 War Mill
06:04 Beastiary
refereesVELOX_NEB,
NADMaN,
GOKUMaN69,
HERNaNDO,
KeKeZergRush,
randomisimba,
Sheface Chat log
(00:12 / All) FINeX: pizza pops are good finger foods
(00:25 / All) FINeX: u microwave it scrape off the sauce that comes out and pick it up and eat it
(00:27 / All) Sheface: are the like pizza rolls?
(00:27 / All) HERNaNDO: This replay brought to you by Wolfs International theinternational wolf fan club
(00:30 / All) GOKUMaN69: /////
(00:43 / All) NADMaN: manner
(00:45 / All) PhoneNumber: im going tinker
(00:45 / All) PhoneNumber: u?
(00:47 / All) FINeX: its like pizza roll kind of yeah
(00:53 / All) FINeX: me im goin idk
(00:59 / All) PhoneNumber: cool cool
(01:49 / All) PhoneNumber: o hay
(01:52 / All) FINeX: hey bro
(02:00 / All) PhoneNumber: don't tase me bro
(02:26 / All) FINeX: i forgot to make burrow lol
(02:35 / All) PhoneNumber: i'm seizin' it
(03:10 / All) FINeX: dam so close
(04:30 / All) FINeX: ur ms is so imba
(05:57 / All) PhoneNumber: ok i lose
(06:00 / All) PhoneNumber: i don't care anymore
(06:01 / All) PhoneNumber: tbh
(06:05 / All) HERNaNDO: goddamn it man
(06:06 / All) FINeX: idk